 Dungeon Crawl Stone Soup version 0.31-a0-1-g4198be8af4 (console) character file.

Game seed: 17083062230140113749

79134 jejorda2 the Impaler (level 15, -1/119 (120) HPs)
             Began as a Merfolk Berserker on Apr 28, 2023.
             Was an Elder of Trog.
             Shot with a bolt by a yaktaur (27 damage)
             ... on level 15 of the Dungeon on Apr 30, 2023.
             The game lasted 00:55:27 (21556 turns).

jejorda2 the Impaler (Merfolk Berserker)           Turns: 21556, Time: 00:55:28

HP:   -1/119 (120)  AC: 23    Str: 27    XL:     15   Next: 62%
MP:   15/15         EV: 10    Int:  7    God:    Trog [****..]
Gold: 1165          SH:  0    Dex: 15    Spells: 14/14 levels left

rFire   . . .        a - +2 bardiche (protect)
rCold   + . .        (shield currently unavailable)
rNeg    + . .        O - +3 chain mail
rPois   +            k - +2 hat
rElec   .            m - +2 cloak
rCorr   .            J - +1 pair of gloves of the Swamp {rPois Str+2}
SInv    +            (no boots)
Will    ++...        L - amulet of faith Stlth
                     C - ring of Rutsil {rC+ Will+ Dex+2 SInv}
HPRegen 0.39/turn    D - ring of positive energy
MPRegen 0.14/turn

%: faith
@: lightly drained
A: (nimble swimmer 2), mertail
a: Renounce Religion, Berserk, Trog's Hand, Brothers in Arms


You were on level 15 of the Dungeon.
You worshipped Trog.
Trog was greatly pleased with you.
You visited 2 branches of the dungeon, and saw 20 of its levels.
You also visited: Ice Cave.

You collected 1165 gold pieces.

Inventory:

Hand Weapons
 a - a +2 bardiche of protection (weapon)
 b - a +1 glaive of flaming
Missiles
 c - 164 stones
 g - 26 poisoned darts
 u - 4 boomerangs
 x - 5 silver javelins (quivered)
 G - 2 curare-tipped darts
 U - 2 throwing nets
Armour
 k - a +2 hat (worn)
 m - a +2 cloak (worn)
 q - a +0 plate armour
 s - a +3 leather armour of cold resistance
 J - the +1 pair of gloves of the Swamp (worn) {rPois Str+2}
   (You acquired it on level 1 of the Lair of Beasts)

   Str:       It affects your strength (+2).
   rPois:     It protects you from poison.
 K - a +2 scale mail of cold resistance
 M - the +1 chain mail of Ugeagin {rPois}
   (You found it in an ice cave)

   rPois:     It protects you from poison.
 O - a +3 chain mail (worn)
Jewellery
 C - the ring of Rutsil (left hand) {rC+ Will+ Dex+2 SInv}
   (You took it off an orc on level 5 of the Dungeon)

   [ring of protection from cold]

   Dex:       It affects your dexterity (+2).
   rC:        It protects you from cold.
   SInv:      It lets you see invisible.
   Will:      It increases your willpower.
 D - a ring of positive energy (right hand)
 H - a ring of resist corrosion
 L - an amulet of faith (around neck)
 N - a ring of protection from cold
Wands
 d - a wand of polymorph (19)
 f - a wand of flame (35)
 r - a wand of paralysis (2)
 I - a wand of roots (21)
 Q - a wand of light (7)
Scrolls
 e - 5 scrolls of identify
 h - a scroll of poison
 i - 5 scrolls of fog
 j - a scroll of magic mapping
 n - 8 scrolls of teleportation
 w - a scroll of immolation
 B - 2 scrolls of enchant weapon
 S - a scroll of silence
Potions
 l - a potion of ambrosia
 o - 5 potions of lignification
 p - a potion of cancellation
 t - 11 potions of curing
 y - 3 potions of attraction
 z - 6 potions of mutation
 F - 3 potions of haste
 R - 3 potions of invisibility
 V - a potion of flight
Miscellaneous
 v - a condenser vane
 A - a lightning rod (4/4)
 P - a phial of floods (inert)


   Skills:
 - Level 12.0 Fighting
 * Level 20.2 Polearms
 + Level 11.9 Throwing
 - Level 12.0 Armour
 - Level 2.6 Dodging
 + Level 6.2 Evocations


You had 14 spell levels left.
You didn't know any spells.
Your spell library was empty.

Dungeon Overview and Level Annotations

Branches:
Dungeon (15/15)            Temple (0/1) D:6            Lair (5/5) D:10
 Shoals (0/4) Lair:3       Spider (0/4) Lair:2        Slime (0/5) Lair:4
    Orc (0/2) D:12          IceCv (visited)
 Vaults: D:13-14     Depths: D:15

Altars:
Ashenzari
Elyvilon
Fedhas
Gozag
Hepliaklqana
Kikubaaqudgha
Okawaru
Qazlal
Ru
Trog
Vehumet
Wu Jian
Yredelemnul
Zin

Shops:
D:9 :

Annotations:
D:3 2 transporters, BimmyJewtron's ghost, amateur TrGl
Lair:5 exclusion: obsidian statue


Innate Abilities, Weirdness & Mutations

((You are very nimble when in or above water. (Stealth+, EV+, Speed+++)))
Your lower body shifts to a powerful aquatic tail in water.


Message History

The ettin is lightly wounded.
The ettin hits you but does no damage.
The ettin hits you with a +0 dire flail!
You slice the ettin!!
The ettin is moderately wounded.
The ettin hits you with a +0 dire flail!! x2
You slice the ettin!!
The ettin is severely wounded.
The ettin hits you with a +0 dire flail!!
The ettin hits you with a +0 dire flail.
You are too injured to fight recklessly!
You are too injured to fight recklessly!
You are too injured to fight recklessly!
You are too injured to fight recklessly!
You slice the ettin!!
You kill the ettin!
Trog accepts your kill.
You feel the effects of Trog's Hand fading.
Your skin stops crawling.
You feel less strong-willed.
A yaktaur comes into view.
The yaktaur shouts!
You hear a shout!
The yaktaur wields a +1 arbalest of draining.
You sense an unholy aura.
The yaktaur shoots a bolt.
The bolt misses you.
You hear a shout! 2 yaktaurs come into view.
The yaktaur shouts!
The yaktaur wields a +0 arbalest.
The yaktaur shoots a bolt.
The bolt hits you!
The yaktaur shoots a bolt.
The bolt completely misses you.
The yaktaur shoots a bolt.
The bolt hits you!
The yaktaur shoots a bolt.
The bolt hits you. You partially resist.
You feel drained.
The yaktaur shoots a bolt.
The bolt hits you!!
* * * LOW HITPOINT WARNING * * *
The yaktaur shoots a bolt.
The bolt closely misses you.
A yaktaur comes into view. It is wielding a +0 sling.
The yaktaur shouts!
The yaktaur unwields a +0 arbalest.
The yaktaur hits you!
* * * LOW HITPOINT WARNING * * *
The yaktaur wields a +2 heavy arbalest.
The yaktaur shoots a bolt.
The bolt hits you!!
You die...

#. .. ...#.#. ##. ..
.#....# #.. #.##......#
#####..
#.#.......#.#....##
#.#.##.#....#.##.#. #.
#c#....#....+.##.#.
+#...#c#...)'.#+##....#.
.....c.@.##.###.......##
..#..##c........#.......
# #.....)#..#...#..#
.....................
#####################


You could see 4 yaktaurs.

Vanquished Creatures
  Rupert (D:13)
  Roxanne (D:15)
  The ghost of freelancePsychic the Warrior, a journeyman OgMo of Vehumet (Lair:5)
  5 dire elephants (Lair:5)
  An ettin (D:15)
  Snorg (Lair:5)
  Josephine (Lair:5)
  3 hydras
  A catoblepas (Lair:5)
  2 centaur warriors
  A two-headed ogre (D:13)
  3 boulder beetles
  Urug (D:10)
  4 death yaks (Lair:4)
  A skyshark (Lair:5)
  A spectral death yak (Lair:5)
  8 skeletal warriors
  A deep troll (D:15)
  2 lindwurms
  A wizard (D:15)
  3 necromancers (Lair:5)
  An orc knight (D:12)
  8 ugly things
  3 cyclopes
  7 manticores
  15 elephants
  3 black mambas
  A gargoyle (D:8)
  2 ice statues (IceCv)
  10 cane toads
  A kobold demonologist (D:9)
  An unseen horror (D:12)
  6 rime drakes
  Maggie (D:10)
  7 komodo dragons
  Psyche (D:11)
  A tengu conjurer (D:8)
  4 polar bears
  Grinder (D:3)
  Prince Ribbit (D:5)
  8 trolls
  3 hornets
  A wind drake (Lair:3)
  11 blink frogs
  9 dream sheep
  7 slime creatures
  A spectral elephant (Lair:5)
  Sigmund (D:5)
  2 spriggans (Lair:5)
  5 wyverns
  3 shadows
  A steam dragon (Lair:2)
  22 yaks
  10 wraiths
  4 death yak simulacra
  3 basilisks
  3 vampire mosquitoes (D:11)
  2 redbacks (Lair:2)
  2 acid dragons
  15 water moccasins
  6 black bears
  7 orc warriors
  An ice beast (D:7)
  3 elephant zombies (Lair:5)
  4 sky beasts
  An ogre (D:5)
  14 wolves
  A boggart (Lair:5)
  15 centaurs
  A phantom (D:6)
  Blork the orc (D:5)
  3 kobold brigands
  5 bullfrogs
  2 cane toad simulacra
  2 gnoll sergeants
  5 scorpions (D:5)
  5 wights (D:9)
  8 killer bees
  3 elephant simulacra
  2 electric eels
  10 howler monkeys
  A centaur zombie (D:4)
  4 hounds
  2 jellies
  A sleepcap (D:4)
  8 orc priests
  5 iguanas
  Ijyb (D:4)
  A scorpion zombie (D:4)
  2 orc wizards
  2 polar bear simulacra (IceCv)
  A wolf simulacrum (Lair:4)
  A hound skeleton (D:4)
  11 adders
  14 gnolls
  A howler monkey skeleton (D:4)
  A shadow imp (D:5)
  An ufetubus (D:5)
  2 adder zombies (D:4)
  2 worms
  6 dart slugs
  33 orcs
  6 endoplasms
  6 giant cockroaches
  12 goblins
  12 hobgoblins
  3 jackals (D:3)
  4 quokkas
  5 ball pythons
  3 bats
  5 frilled lizards
  18 kobolds
  8 rats
511 creatures vanquished.

Vanquished Creatures (collateral kills)
  A death yak (Lair:4)
  A spectral anaconda (Lair:5)
  4 elephants
  An ice statue (IceCv)
  A freezing wraith (IceCv)
  An anaconda simulacrum (IceCv)
  3 dream sheep
  4 yaks (Lair:4)
  A wyvern (Lair:5)
  A dire elephant simulacrum (IceCv)
  A basilisk (Lair:5)
  A wolf (Lair:5)
  An elephant simulacrum (Lair:4)
21 creatures vanquished.

Vanquished Creatures (others)
  28 fungi
  28 plants
  14 withered plants (Lair:5)
70 creatures vanquished.

Grand Total: 602 creatures vanquished

Notes
Turn   | Place    | Note
-------+----------+-------------------------------------------
     0 | D:1      | jejorda2 the Merfolk Berserker began the quest for the Orb.
     0 | D:1      | Reached XP level 1. HP: 18/18 MP: 1/1
    58 | D:1      | Reached XP level 2. HP: 20/24 MP: 2/2
   224 | D:1      | Reached skill level 5 in Polearms
   228 | D:1      | Reached XP level 3. HP: 30/30 MP: 3/3
   538 | D:2      | Found a glowing silver altar of Zin.
   594 | D:2      | Reached ** piety under Trog
  1025 | D:1      | Reached XP level 4. HP: 37/37 MP: 4/4
  1536 | D:2      | Reached skill level 6 in Polearms
  1980 | D:3      | Reached XP level 5. HP: 41/43 MP: 5/5
  2257 | D:3      | Found a transporter.
  2263 | D:3      | Noticed a small abomination
  2319 | D:3      | Found a transporter.
  2334 | D:3      | Noticed a toenail golem
  2348 | D:3      | Noticed Grinder
  2363 | D:3      | Killed Grinder
  2364 | D:3      | Reached skill level 5 in Fighting
  2364 | D:3      | Reached skill level 8 in Polearms
  2364 | D:3      | Reached XP level 6. HP: 51/51 MP: 6/6
  2471 | D:3      | Noticed BimmyJewtron's ghost (amateur TrGl)
  2728 | D:3      | Found a white marble altar of Elyvilon.
  2891 | D:4      | Noticed Ijyb
  2906 | D:4      | Killed Ijyb
  2914 | D:4      | Found a radiant altar of Vehumet.
  3027 | D:4      | Reached XP level 7. HP: 49/56 MP: 7/7
  3229 | D:4      | Reached *** piety under Trog
  3826 | D:5      | Entered Level 5 of the Dungeon
  3851 | D:5      | Reached skill level 9 in Polearms
  3887 | D:5      | Noticed Sigmund
  3896 | D:5      | Killed Sigmund
  3945 | D:5      | Noticed Blork the orc
  3953 | D:5      | Killed Blork the orc
  3954 | D:5      | Reached XP level 8. HP: 60/64 MP: 8/8
  3993 | D:5      | Reached skill level 10 in Polearms
  4221 | D:5      | Reached skill level 11 in Polearms
  4312 | D:5      | Identified the ring of Rutsil {rC+ Will+ Dex+2 SInv}
  4314 | D:5      | Reached skill level 12 in Polearms
  4314 | D:5      | Reached XP level 9. HP: 17/69 MP: 9/9
  4596 | D:5      | Noticed Prince Ribbit
  4611 | D:5      | Killed Prince Ribbit
  4923 | D:6      | Found a staircase to the Ecumenical Temple.
  5053 | D:6      | Reached skill level 13 in Polearms
  5556 | D:7      | You fall into a shaft and drop 1 floor!
  5569 | D:8      | Noticed a gargoyle
  5580 | D:8      | Killed a gargoyle
  5581 | D:8      | Reached skill level 5 in Armour
  5595 | D:8      | Noticed a tengu conjurer
  5609 | D:8      | Killed a tengu conjurer
  5610 | D:8      | Reached skill level 14 in Polearms
  5679 | D:8      | Noticed a komodo dragon
  5722 | D:8      | Reached XP level 10. HP: 76/76 MP: 10/10
  5749 | D:8      | Reached skill level 15 in Polearms
  5999 | D:8      | Reached skill level 1 in Throwing
  6369 | D:7      | Reached skill level 1 in Evocations
  6593 | D:7      | Reached **** piety under Trog
  6691 | D:7      | Found a sacrificial altar of Ru.
  6789 | D:7      | Paralysed by a hornet for 3 turns
  7053 | D:7      | Found a blossoming altar of Fedhas.
  7212 | D:9      | Reached skill level 16 in Polearms
  7513 | D:9      | Found Sobum's Book Boutique.
  7600 | D:9      | Reached XP level 11. HP: 81/81 MP: 11/11
  7993 | D:9      | Reached skill level 17 in Polearms
  8241 | D:9      | Found a bloodstained altar of Trog.
  8285 | D:10     | Entered Level 10 of the Dungeon
  8355 | D:10     | Found a staircase to the Lair.
  8423 | D:10     | Found a stormy altar of Qazlal.
  8423 | D:10     | Found an ornate altar of the Wu Jian Council.
  8427 | D:10     | Found an ancient bone altar of Kikubaaqudgha.
  8435 | D:10     | Found a basalt altar of Yredelemnul.
  8435 | D:10     | Found a hazy altar of Hepliaklqana.
  8439 | D:10     | Found an opulent altar of Gozag.
  8443 | D:10     | Found a glowing silver altar of Zin.
  8484 | D:10     | Noticed Urug
  8485 | D:10     | Noticed Maggie
  8491 | D:10     | Killed Maggie
  8504 | D:10     | Killed Urug
  8662 | D:10     | Reached skill level 5 in Throwing
  8664 | D:10     | Reached skill level 5 in Evocations
  8827 | D:10     | Found an iron altar of Okawaru.
  8940 | D:10     | Found a broken altar of Ashenzari.
  9115 | D:11     | Noticed a manticore
  9120 | D:11     | Killed a manticore
  9313 | D:11     | Noticed a boulder beetle
  9343 | D:11     | Killed a boulder beetle
  9414 | D:11     | Noticed Psyche
  9436 | D:11     | Killed Psyche
  9508 | D:11     | Noticed a manticore
  9515 | D:11     | Killed a manticore
 10042 | D:12     | Reached skill level 18 in Polearms
 10042 | D:12     | Reached XP level 12. HP: 91/91 MP: 12/12
 10130 | D:12     | Noticed a boulder beetle
 10146 | D:12     | Killed a boulder beetle
 10246 | D:12     | Noticed a six-headed hydra
 10253 | D:12     | Killed a six-headed hydra
 10268 | D:12     | Noticed a centaur warrior
 10280 | D:12     | Killed a centaur warrior
 10667 | D:12     | Reached skill level 19 in Polearms
 10706 | D:12     | Found a staircase to the Orcish Mines.
 11453 | D:13     | Reached ***** piety under Trog
 11505 | D:13     | Reached skill level 10 in Fighting
 11664 | D:13     | Noticed a two-headed ogre
 11669 | D:13     | Killed a two-headed ogre
 12130 | D:13     | Noticed a boulder beetle
 12137 | D:13     | Killed a boulder beetle
 12236 | D:13     | Noticed Rupert
 12250 | D:13     | Killed Rupert
 12251 | D:13     | Reached skill level 20 in Polearms
 12251 | D:13     | Reached XP level 13. HP: 65/106 MP: 13/13
 12784 | Lair:1   | Entered Level 1 of the Lair of Beasts
 12807 | Lair:1   | You fall into a shaft and drop 1 floor!
 13649 | Lair:1   | Identified a scroll of acquirement
 13649 | Lair:1   | Acquired the +1 pair of gloves of the Swamp {rPois Str+2}
 14690 | Lair:2   | Found a hole to the Spider Nest.
 15044 | Lair:3   | Found a staircase to the Shoals.
 16187 | Lair:4   | Reached XP level 14. HP: 89/115 MP: 14/14
 16226 | Lair:4   | Found a frozen archway.
 16233 | Lair:4   | Found a staircase to the Slime Pits.
 16238 | IceCv    | Entered an ice cave
 16408 | IceCv    | Identified the +10 long sword of Conflict {drain, rCorr}
 16652 | IceCv    | Identified the +1 chain mail of Ugeagin {rPois}
 16660 | IceCv    | Identified the staff of air "Teade" {rElec Str+2}
 17782 | Lair:5   | Entered Level 5 of the Lair of Beasts
 17918 | Lair:5   | Found a runed translucent door.
 17952 | Lair:5   | Noticed a dire elephant
 17952 | Lair:5   | Noticed a dire elephant
 17952 | Lair:5   | Noticed a dire elephant
 17952 | Lair:5   | Noticed a dire elephant
 17967 | Lair:5   | Killed a dire elephant
 17974 | Lair:5   | Noticed a dire elephant
 18000 | Lair:5   | Noticed Josephine
 18012 | Lair:5   | Killed Josephine
 18013 | Lair:5   | Reached skill level 10 in Armour
 18172 | Lair:5   | Noticed Snorg
 18201 | Lair:5   | Killed Snorg
 18216 | Lair:5   | HP: 4/115 [elephant (11)]
 18229 | Lair:5   | HP: 1/115 [dream sheep (22)]
 18539 | Lair:4   | Reached skill level 10 in Throwing
 19077 | Lair:5   | Noticed freelancePsychic's ghost (journeyman OgMo)
 19081 | Lair:5   | Identified the +7 trident of Aptiech {elec, rF++ rC- Str-2
                  | Int+8}
 19369 | Lair:5   | Killed freelancePsychic's ghost
 19377 | Lair:5   | Reached XP level 15. HP: 17/120 MP: 15/15
 19378 | Lair:5   | HP: 8/180 [wolf (8)]
 19686 | Lair:5   | Upgraded the game from 0.30-a0-1163-gf69bf04e7a to
                  | 0.31-a0-1-g4198be8af4
 20146 | Lair:5   | Received a gift from Trog
 20702 | D:15     | Entered Level 15 of the Dungeon
 21268 | D:15     | Identified the +7 halberd of Transparent Honour {drain,
                  | *Corrode rF+ rN+ Str+4}
 21271 | D:15     | Acquired a +2 bardiche of protection
 21298 | D:15     | Identified Roxanne's Opusculum on Permutations
 21298 | D:15     | Noticed Roxanne
 21323 | D:15     | Killed Roxanne
 21556 | D:15     | Shot with a bolt by a yaktaur

Illustrated notes

Levels and vault maps discovered:
D:1:      co_arrival_random_square_maze, layout_basic
D:2:      layout_basic, basic_altar
D:3:      layout_basic, elyvilon_altar_4, gammafunk_ghost_abyssal_escape,
          uniq_grinder
D:4:      layout_gridville, mainiacjoe_overflow_brackets, serial_undead,
          serial_undead_f, serial_undead_a, serial_undead_a, serial_undead_b,
          uniq_ijyb
D:5:      minmay_octagon_keep, layout_basic, uniq_sigmund, uniq_prince_ribbit1,
          uniq_blork_the_orc
D:6:      layout_rooms, minmay_temple_entry_grid
D:7:      layout_rooms, nicolae_ru_awakened_eye, fedhas_ov_isle_minmay
D:8:      layout_cave_pools, kb_rosetta
D:9:      layout_roguey, mainiacjoe_overflow_alcove_2, serial_shops, shop
D:10:     layout_roguey, kennysheep_okawaru_gauntlet,
          nicolae_overflow_hallway_of_the_gods,
          mainiacjoe_overflow_six_doors_small, dpeg_oklobed_lair,
          grunt_ministairs_2, uniq_maggie, uniq_urug
D:11:     layout_loops_ring, uniq_psyche
D:12:     layout_loops_ring, david_orc_5, st_stairs_12
D:13:     layout_basic, uniq_rupert
D:14:     layout_basic, ximxim_vaults_locker_room, chequers_mini_garden,
          uniq_kirke
D:15:     hangedman_depths_entry_civil_slaughter, layout_stronghold,
          nicolae_trove_entry_crossroad, serial_shops, shop, uniq_roxanne
Lair:1:   layout_regular_city, gammafunk_lair_bear_cave, grunt_megastairs_5,
          serial_bayou_shore_b
Lair:2:   layout_loops_ring, spider_nest_entry_a
Lair:3:   layout_roguey, minmay_shoals_entry_beasts, lemuel_fruit_tree,
          serial_bayou_shore_a
Lair:4:   layout_hall_layers, slime_entry_1,
          portal_ice_cave_entry_ice_simulacra, serial_bayou_ford_a
Lair:5:   due_jungle_book, layout_misc_corridors, ebering_ghost_funeral_grove,
          uniq_josephine, uniq_snorg

Skill      XL: |  1  2  3  4  5  6  7  8  9 10 11 12 13 14 15 |
---------------+----------------------------------------------+-----
Polearms       | 5 6 8 9 12 14 16 18 20 | 20.2
Fighting       | 4 5 6 7 11 12 | 12.0
Armour         | 2 3 5 6 8 11 12 | 12.0
Throwing       | 3 6 8 10 11 | 11.9
Evocations     | 3 6 |  6.2
Dodging        | |  2.6

Action                     |  1- 3 |  4- 6 |  7- 9 | 10-12 | 13-15 || total
---------------------------+-------+-------+-------+-------+-------++-------
  Melee: Spear             |   122 |   229 |   123 |       |       ||   474
         Punch             |     1 |     1 |     2 |     5 |     4 ||    13
         Halberd           |       |       |   239 |   348 |       ||   587
         Tailslap          |       |       |       |     2 |       ||     2
         Demon trident     |       |       |       |   349 |   373 ||   722
         Glaive            |       |       |       |       |   465 ||   465
         Bardiche          |       |       |       |       |    40 ||    40
  Throw: Stone             |       |     1 |     6 |    12 |       ||    19
         Dart              |       |       |       |    39 |    41 ||    80
         Javelin           |       |       |       |     5 |     4 ||     9
 Invoke: Berserk           |     2 |     2 |     9 |    18 |    14 ||    45
         Trog's Hand       |       |     2 |     6 |     6 |    13 ||    27
         Brothers in Arms  |       |       |       |       |     8 ||     8
  Evoke: Wand              |       |       |     1 |       |     6 ||     7
         Condenser vane    |       |       |       |       |     1 ||     1
         Phial of floods   |       |       |       |       |     1 ||     1
    Use: Scroll            |       |       |     1 |    23 |     8 ||    32
         Potion            |       |       |     1 |       |     3 ||     4
   Stab: Sleeping          |     1 |       |       |       |       ||     1
         Paralysed         |       |       |     1 |       |       ||     1
         Petrified         |       |       |       |       |     2 ||     2
 Armour: Animal skin       |    16 |       |       |       |       ||    16
         Chain mail        |     7 |    49 |       |       |   207 ||   263
         Ring mail         |     5 |       |       |       |       ||     5
         Plate armour      |       |    17 |   225 |   269 |   132 ||   643
         Scale mail        |       |       |       |       |    18 ||    18
  Dodge: Dodged            |    74 |    61 |   107 |   177 |   236 ||   655

Table legend: (Time is in decaauts)
 A = Elapsed time spent in this place.
 B = Non-inter-level travel time spent in this place.
 C = Inter-level travel time spent in this place.
 D = Time resting spent in this place.
 E = Time spent auto-exploring this place.
 F = Levels seen in this place.
 G = Mean time per level.
                   A        B        C        D        E       F      G
               +--------+--------+--------+--------+--------+-----+--------+
         Total |  21196 |  20103 |   1093 |   2849 |  13647 |  21 | 1009.3 |
       Dungeon |  13784 |  12898 |    886 |   1978 |   8587 |  15 |  918.9 |
          Lair |   6942 |   6736 |    206 |    557 |   5059 |   5 | 1388.4 |
      Ice Cave |    469 |    469 |      0 |    314 |      0 |   1 |  469.0 |
               +--------+--------+--------+--------+--------+-----+--------+

Top non-repeatable levels by time:
  Lair:4: 1957 daAuts
  Lair:5: 1698 daAuts
    D:13: 1487 daAuts
  Lair:3: 1224 daAuts
    D:12: 1216 daAuts
     D:2: 1165 daAuts
     D:9: 1157 daAuts
     D:5: 1095 daAuts
  Lair:1: 1053 daAuts
  Lair:2: 1009 daAuts
    D:11: 947 daAuts
     D:4: 940 daAuts
    D:10: 887 daAuts
     D:3: 863 daAuts
    D:15: 848 daAuts
